cohdb
Replays
Latest Replays
All Replays
Popular Replays
Top Player Replays
Match Explorer
How It Works
Community
CoH3 Stats
Reddit
Sign in to upload your games and track your stats! →
Sign in with Steam
Match 34763025
Unlisted
Match 34763025
Overview
Messages
Build Orders
End
Panzergrenadier Squad
250 Light Carrier
Construct Light Support Kompanie
Panzergrenadier Squad
2.5-tonne Medical Truck
Fire Support Elements
le.IG 18 Support Gun Team
Pak 38 Mechanized Group
Flakvierling Half-track
Construct Mechanized Kompanie
le.IG 18 Support Gun Team
Pak 38 Anti-tank Gun Team
Pak 38 Mechanized Group
Construct Panzerarmee Kommand
Selects Armored Support Battlegroup
Selects Salvage Kits
Selects Panzer Storm
Rapid Advance
Flak 36 Anti-tank Gun Team
Armored Reserves
Emergency Repair Kits
Selects Stuka Anti-tank Loiter
Stuka Anti-tank Loiter
Tiger Heavy Tank
Panzer Storm
Tungsten Core Ammunition
Tiger Heavy Tank
Walking Stuka Rocket Launcher
Stuka Anti-tank Loiter
Vehicle Survival Package
Stuka Anti-tank Loiter
Panzer IV Assault Group
Walking Stuka Rocket Launcher
Walking Stuka Rocket Launcher
Panzer IV Assault Group
Stuka Anti-tank Loiter
UH|dun! ツ
UH|ck
UH|XTC
insane
max7716
Silverback
JethrosGoW
Mustafag
0
0
Comments
sign in to comment!
No comments posted yet!